 Dungeon Crawl Stone Soup version 0.31-a0-232-gb1c03b2570 (webtiles) character file.

Game seed: 14256484646111575517

210 Decritt the Shooter (level 5, -3/33 HPs)
             Began as a Tengu Hunter on July 7, 2023.
             Slain by a black bear (11 damage)
             ... on level 4 of the Dungeon.
             The game lasted 00:06:18 (2126 turns).

Decritt the Shooter (Tengu Hunter)                  Turns: 2126, Time: 00:06:19

Health: -3/33      AC:  3    Str: 11    XL:     5   Next: 88%
Magic:  6/6        EV: 16    Int:  9    God:
Gold:   170        SH:  0    Dex: 26    Spells: 4/4 levels left

rFire   . . .        a - +0 shortbow
rCold   . . .        (shield currently unavailable)
rNeg    . . .        c - +0 leather armour
rPois   .            (helmet restricted)
rElec   .            (no cloak)
rCorr   .            (no gloves)
SInv    .            (boots unavailable)
Will    .....        (no amulet)
Stlth   ++           l - +6 ring of dexterity
HPRegen 0.25/turn    (no ring)
MPRegen 0.10/turn

%: no passive effects
@: flying quickly and evasively, quick
A: beak, talons 3, nimble flight
a: no special abilities


You were on level 4 of the Dungeon.
You visited 1 branch of the dungeon, and saw 4 of its levels.

You collected 170 gold pieces.

Inventory:

Hand Weapons
 a - a +0 shortbow (weapon)
Armour
 c - a +0 leather armour (worn)
Jewellery
 l - a +6 ring of dexterity (left hand)
Scrolls
 b - a scroll of butterflies
 d - a scroll of immolation {unknown}
 e - 3 scrolls of identify {unknown}
 h - a scroll of poison {unknown}
 m - a scroll of fear {unknown}
 o - a scroll of vulnerability {unknown}
Potions
 f - 3 potions of haste {unknown}
 g - a potion of heal wounds {unknown}
 i - 2 potions of curing
 j - a potion of brilliance {unknown}
 k - 2 potions of berserk rage {unknown}
 n - a potion of lignification {unknown}


   Skills:
 * Level 3.8 Fighting
 * Level 5.8 Ranged Weapons
 + Level 1.4 Armour
 + Level 3.3 Dodging
 - Level 1.0 Stealth


You had 4 spell levels left.
You didn't know any spells.
Your spell library contained the following spells:

 Spells                   Type           Power      Damage    Failure   Level
 Sting                    Tmut/Pois      0%         1d3       47%         1
 Lesser Beckoning         Tloc           0%         N/A       63%         2
 Poisonous Vapours        Pois/Air       0%         N/A       63%         2
 Static Discharge         Conj/Air       0%         2-2/arc   63%         2
 Gell's Gravitas          Tloc           0%         N/A       85%         3
 Teleport Other           Tloc           0%         N/A       85%         3
 Airstrike                Air            0%         2d(0-16)  99%         4
 Olgreb's Toxic Radiance  Pois           0%         N/A       99%         4
 Summon Lightning Spire   Summ/Air       0%         N/A       99%         4


Dungeon Overview and Level Annotations

Branches:
Dungeon (4/15)
 Temple: D:4-7

Altars:
Zin

Shops:
D:1 :   D:2 [   D:4 *


Innate Abilities, Weirdness & Mutations

You have a beak for a mouth.
You have claws for feet.
Your magical nature lets you fly swiftly and evasively.


Message History

The black bear is moderately wounded.
You shoot an arrow. The arrow hits the black bear.
The black bear is moderately wounded.
You shoot an arrow. The arrow barely misses the black bear.
You shoot an arrow.
The arrow hits the black bear but does no damage.
The black bear is moderately wounded.
You shoot an arrow. The arrow hits the black bear.
The black bear is heavily wounded.
You hear the hiss of a distant avalanche of sand.
You shoot an arrow.
The arrow closely misses the black bear.
You shoot an arrow. The arrow hits the black bear!
The black bear is severely wounded.
The black bear goes berserk!
The black bear rages.
The black bear bites you. The black bear barely misses you.
The black bear misses you.
The black bear attacks as you move away!
The black bear barely misses you. The black bear claws you.
The black bear barely misses you. The black bear completely misses you.
The black bear closely misses you. The black bear barely misses you.
The black bear attacks as you move away!
The black bear closely misses you. x3
The black bear bites you! The black bear closely misses you.
The black bear claws you.
The black bear attacks as you move away!
The black bear misses you. The black bear barely misses you.
The black bear misses you.
The black bear rages.
The black bear closely misses you. The black bear misses you.
The black bear barely misses you.
The black bear attacks as you move away!
The black bear bites you.
* * * LOW HITPOINT WARNING * * *
The black bear claws you.
* * * LOW HITPOINT WARNING * * *
The black bear barely misses you. The black bear bites you!
You die...

##..# ##.......######.......# #
##.# ##..##..### #........##
##.####..####.# #..†.......
##........# ##.# ##.........
#.........# .######...........
.......#..# #.#.... ..........
......##..## #...# #..........
.........∩.# ###..## #....##.##.
#..........###.h@..####..# #..##
........##......##.......# ##...#
.#.#.#.###.....#####>...## #.....
.......# #......####....# #.###.
.#.#.#.###...##.##......####.# ##
.......##...###..........##.##
...#.#..#...#................####
..........................##.....
#....#.##................#####...


You could see a black bear (berserk).

Vanquished Creatures
  A scorpion (D:3)
  An orc priest (D:3)
  Robin (D:2)
  An adder (D:2)
  2 worms
  4 dart slugs
  5 orcs
  5 endoplasms
  9 giant cockroaches
  11 goblins
  9 hobgoblins
  4 jackals (D:2)
  2 quokkas
  7 ball pythons
  2 bats (D:2)
  A frilled lizard (D:3)
  5 kobolds
  6 rats
76 creatures vanquished.

Notes
Turn   | Place    | Note
-------+----------+-------------------------------------------
     0 | D:1      | Decritt the Tengu Hunter began the quest for the Orb.
     0 | D:1      | Reached XP level 1. HP: 12/12 MP: 2/2
    95 | D:1      | Reached XP level 2. HP: 17/17 MP: 3/3
   191 | D:1      | Found Bamanef's Book Boutique.
   409 | D:2      | Found Plog's Antique Armour Boutique.
   480 | D:2      | Reached XP level 3. HP: 22/22 MP: 4/4
   490 | D:2      | Noticed Robin
   613 | D:2      | Killed Robin
   614 | D:2      | Reached skill level 5 in Ranged Weapons
   682 | D:2      | Reached XP level 4. HP: 28/28 MP: 5/5
  1193 | D:3      | Found a faded altar of an unknown god.
  1303 | D:3      | Found a glowing silver altar of Zin.
  1319 | D:3      | Reached skill level 1 in Armour
  1319 | D:3      | Gained mutation: Your magical nature lets you fly swiftly
                  | and evasively. [Tengu growth]
  1319 | D:3      | Reached XP level 5. HP: 24/32 MP: 6/6
  1902 | D:4      | Found Ybboh's Assorted Antiques.
  2098 | D:4      | Noticed a black bear
  2126 | D:4      | Slain by a black bear

Illustrated notes

Levels and vault maps discovered:
D:1:      shiori_arrival_maze, layout_rooms, serial_shops, shop
D:2:      layout_basic, serial_shops, shop, grunt_ministairs_14, uniq_robin
D:3:      layout_loops_ring, zin_statuary, shapermc_ecumenical_altar_acropolis
D:4:      layout_layer_cave, overflow_temple_1_default, serial_shops, shop,
          nicolae_ossuary_entry_monument, hangedman_decor_riveting

Skill      XL: |  1  2  3  4 |
---------------+-------------+-----
Ranged Weapons | 5 |  5.8
Fighting       | 3 |  3.8
Dodging        | 3 |  3.3
Armour         | 1 |  1.4
Stealth        | |  1.0

Action                     |  1- 3 |  4- 6 || total
---------------------------+-------+-------++-------
   Fire: Shortbow          |   102 |   113 ||   215
    Use: Potion            |       |     1 ||     1
 Armour: Leather armour    |    11 |     4 ||    15
  Dodge: Dodged            |    30 |    36 ||    66

Table legend: (Time is in decaauts)
 A = Elapsed time spent in this place.
 B = Non-inter-level travel time spent in this place.
 C = Inter-level travel time spent in this place.
 D = Time resting spent in this place.
 E = Time spent auto-exploring this place.
 F = Levels seen in this place.
 G = Mean time per level.
                   A        B        C        D        E       F      G
               +--------+--------+--------+--------+--------+-----+--------+
         Total |   2098 |   2024 |     74 |     36 |   1526 |   4 |  524.5 |
       Dungeon |   2098 |   2024 |     74 |     36 |   1526 |   4 |  524.5 |
               +--------+--------+--------+--------+--------+-----+--------+

Top non-repeatable levels by time:
     D:3: 761 daAuts
     D:2: 728 daAuts
     D:1: 392 daAuts
     D:4: 216 daAuts
